 Dungeon Crawl Stone Soup version 0.26-a0-259-g1effd001a9 (webtiles) character file.

Game seed: 3466072254465749647

1598 Gwenloh the Skirmisher (level 9, -3/71 HPs)
             Began as a Formicid Abyssal Knight on July 13, 2020.
             Was a Priest of Lugonu.
             Slain by a yak (5 damage)
             ... on level 7 of the Dungeon.
             The game lasted 00:22:04 (6669 turns).

Gwenloh the Skirmisher (Formicid Abyssal Knight)    Turns: 6669, Time: 00:22:04

Health: -3/71      AC: 10    Str: 16    XL:     9   Next: 15%
Magic:  13/13      EV: 11    Int: 13    God:    Lugonu [***...]
Gold:   170        SH:  0    Dex: 13    Spells: 8/8 levels left

rFire    + . .     SeeInvis +   a - +3 hand axe
rCold    . . .     Faith    +   (no shield)
rNeg     . . .     Spirit   .   r - +0 scale mail
rPois    .         Reflect  .   (helmet unavailable)
rElec    .         Harm     .   d - +2 cloak
rCorr    +                      (no gloves)
MR       .....                  (no boots)
Stlth    ..........             n - amulet of faith
HPRegen  0.21/turn              m - ring of protection from fire
MPRegen  0.13/turn              q - ring of resist corrosion

@: no status effects
A: permanent stasis, dig shafts and tunnels, four strong arms, antennae 3
a: Dig, Shaft Self, Depart the Abyss, Bend Space, Banish, Renounce Religion


You were on level 7 of the Dungeon.
You worshipped Lugonu.
Lugonu was most pleased with you.
You were not hungry.

You visited 1 branch of the dungeon, and saw 7 of its levels.
You visited the Abyss 1 time.

You collected 274 gold pieces.
You spent 104 gold pieces at shops.

Inventory:

Hand Weapons
 a - a +3 hand axe (weapon)
 g - a +0 flail
 i - a +2 dagger of venom
Missiles
 e - 130 stones (quivered)
 k - 5 poisoned darts
 H - 59 bolts
Armour
 b - a +0 leather armour
 d - a +2 cloak (worn)
 r - a +0 scale mail (worn)
 G - a +0 chain mail
Jewellery
 m - a ring of protection from fire (left hand)
 n - an amulet of faith (around neck)
 q - a ring of resist corrosion (right hand)
Wands
 o - a wand of disintegration (14)
 w - a wand of flame (8)
 B - a wand of digging (8)
Scrolls
 f - a scroll of amnesia
 j - 2 scrolls of enchant armour
 x - a scroll of fog
 y - a scroll of fear
Potions
 h - 2 potions of invisibility
 l - a potion of lignification
 p - a potion of brilliance
 s - 2 potions of haste {unknown}
 t - a potion of might
 u - a potion of stabbing {unknown}
 v - a potion of ambrosia {unknown}
 z - a potion of flight {unknown}
 C - a potion of berserk rage {unknown}
 D - a potion of curing {unknown}
Comestibles
 c - 23 rations


   Skills:
 * Level 6.6 Fighting
 * Level 5.5 Axes
 + Level 4.4 Armour
 + Level 3.2 Dodging
 * Level 6.6 Invocations
 + Level 3.2 Evocations


You had 8 spell levels left.
You didn't know any spells.
Your spell library contained the following spells:

 Spells                   Type           Power        Failure   Level
 Corona                   Hex            #......      71%         1
 Ensorcelled Hibernation  Hex/Ice        #.....       83%         2
 Confusing Touch          Hex            #.......     97%         3
 Dazzling Flash           Conj/Hex       #.....       97%         3
 Tukima's Dance           Hex            #.......     97%         3


Dungeon Overview and Level Annotations

Branches:
Dungeon (7/15)
 Temple: D:4-7

Altars:
Ashenzari
Makhleb
The Shining One

Shops:
D:5 =?[


Innate Abilities, Weirdness & Mutations

You cannot be hasted, slowed, berserked, paralysed or teleported.
You can dig through walls and to a lower floor.
Your four strong arms can wield two-handed weapons with a shield.
You have a pair of large antennae on your head. (SInv)


Message History

The yak gores you but does no damage. x2; The yak gores you.
You are too injured to fight recklessly!
You are too injured to fight recklessly!
You hit the yak.
The yak is almost dead.
You hit the yak. x2; The yak gores you but does no damage.
The yak gores you. x2
You slash the yak!
You kill the yak!
Lugonu accepts your kill.
You hit the yak. You hit the yak but do no damage.
The yak gores you but does no damage. The yak closely misses you.
The yak closely misses you. The yak gores you!
* * * LOW HITPOINT WARNING * * *
You see here a yak corpse.
The yak barely misses you. The yak gores you!
* * * LOW HITPOINT WARNING * * *
You see here a bullfrog corpse.
There is a stone staircase leading up, spattered with blood here.
The yak gores you.
You die...

####### #..@..#
#.YY..#
####.(†..##.?.
#....(........
...##.....##...
## #......# ..
#........ .
#...(!....
#.......#...


You could see 2 yaks.

Vanquished Creatures
  A yak (D:7)
  A black bear (D:6)
  3 phantoms
  A centaur (D:5)
  A bullfrog (D:7)
  3 scorpions
  A howler monkey (D:4)
  An orc priest (D:5)
  3 hounds
  A jelly (D:5)
  3 centaur skeletons
  3 orc wizards
  An iguana (D:4)
  Natasha (thrice) (D:2)
  5 worker ants
  3 hound skeletons (D:4)
  A howler monkey zombie (D:5)
  8 adders
  An ufetubus (D:6)
  3 oozes
  An adder skeleton (D:4)
  3 worms
  2 dart slugs
  7 leopard geckos
  13 orcs
  3 giant cockroaches
  10 goblins
  9 hobgoblins
  3 jackals (D:2)
  2 quokkas
  6 bats
  6 frilled lizards
  2 kobolds
  A leopard gecko skeleton (D:4)
  2 quokka zombies
  4 rats
121 creatures vanquished.

Notes
Turn   | Place    | Note
-------+----------+-------------------------------------------
     0 | Abyss:1  | Gwenloh the Formicid Abyssal Knight began the quest for the
                  | Orb.
     0 | Abyss:1  | Reached XP level 1. HP: 18/18 MP: 2/2
    32 | Abyss:1  | Noticed a sixfirhy
    36 | D:1      | Escaped the Abyss
   318 | D:1      | Reached skill level 1 in Dodging
   318 | D:1      | Reached XP level 2. HP: 24/24 MP: 3/3
   582 | D:1      | Reached * piety under Lugonu
  1088 | D:2      | Reached XP level 3. HP: 30/30 MP: 5/5
  1253 | D:2      | Noticed Natasha
  1260 | D:2      | Killed Natasha
  1260 | D:2      | Reached XP level 4. HP: 36/37 MP: 6/6
  1415 | D:2      | Noticed Natasha
  1437 | D:2      | Killed Natasha
  1437 | D:2      | Reached XP level 5. HP: 12/42 MP: 7/7
  1674 | D:2      | Noticed Natasha
  1686 | D:2      | Killed Natasha
  2545 | D:3      | Reached ** piety under Lugonu
  2901 | D:3      | Reached XP level 6. HP: 49/49 MP: 7/9
  3481 | D:4      | Noticed a phantom
  3743 | D:4      | Killed a phantom
  3743 | D:4      | Reached skill level 1 in Evocations
  3743 | D:4      | Reached XP level 7. HP: 30/55 MP: 10/10
  3892 | D:4      | Reached skill level 5 in Fighting
  4562 | D:4      | Found a glowing golden altar of the Shining One.
  4635 | D:5      | Entered Level 5 of the Dungeon
  4675 | D:5      | Reached skill level 5 in Invocations
  4805 | D:5      | Found Upna's Jewellery Emporium.
  4889 | D:5      | Found a burning altar of Makhleb.
  4964 | D:5      | Reached XP level 8. HP: 63/63 MP: 11/11
  5120 | D:5      | Found Joigisk's Armour Shoppe.
  5334 | D:5      | Found Zeuts's Magic Scroll Shoppe.
  5337 | D:5      | Bought a scroll of identify for 26 gold pieces
  5337 | D:5      | Bought 2 scrolls of identify for 52 gold pieces
  5337 | D:5      | Bought a scroll of identify for 26 gold pieces
  5827 | D:6      | Reached *** piety under Lugonu
  6081 | D:6      | Reached skill level 5 in Axes
  6318 | D:6      | Found a shattered altar of Ashenzari.
  6461 | D:6      | Reached XP level 9. HP: 64/70 MP: 13/13
  6667 | D:7      | HP: 1/71 [yak (13)]
  6669 | D:7      | Slain by a yak

Illustrated notes

Levels and vault maps discovered:
D:1:      lightli_arrival_maybe_door_vault, layout_basic, minmay_distorted
D:2:      layout_basic, uniq_natasha
D:3:      layout_basic, serial_forest, infiniplex_forest_end_2,
          infiniplex_forest_straight_4, infiniplex_forest_clump_small,
          infiniplex_forest_lined_3_way, infiniplex_forest_end_2,
          infiniplex_forest_end_2, first_ration, minmay_between
D:4:      layout_cave_pools, marbit_many_paths
D:5:      layout_loops_cross, serial_shops, kennysheep_mini, shop, shop,
          chequers_big_river, minmay_misc_feat_x, serial_park_tiny_2,
          makhleb_blood_cavern_becter
D:6:      layout_basic, lemuel_tele_altar
D:7:      layout_rooms, minmay_temple_entry_trees, basic_altar

Skill      XL: |  1  2  3  4  5  6  7  8 |
---------------+-------------------------+-----
Dodging        | 1 2 3 |  3.2
Fighting       | 4 5 6 |  6.6
Invocations    | 3 4 5 6 |  6.6
Axes           | 3 4 5 |  5.5
Armour         | 3 4 |  4.4
Evocations     | 1 3 |  3.2

Action                   |  1- 3 |  4- 6 |  7- 9 || total
-------------------------+-------+-------+-------++-------
Melee: Dagger            |    32 |   113 |    16 ||   161
       Hand axe          |     1 |    29 |   242 ||   272
       Scimitar          |       |    15 |       ||    15
Throw: Stone             |    15 |       |     3 ||    18
       Dart              |    41 |    87 |    17 ||   145
       Boomerang         |       |    13 |    59 ||    72
Invok: Depart the Abyss  |     1 |       |       ||     1
       Bend Space        |       |       |     1 ||     1
  Use: Scroll            |       |     7 |     6 ||    13
  Eat: Ration            |     1 |     2 |     2 ||     5
Armor: Leather armour    |     7 |       |       ||     7
       Scale mail        |     1 |    67 |   134 ||   202
Dodge: Dodged            |    15 |    77 |   132 ||   224
       Rpst.: Scimitar   |       |     1 |       ||     1

Table legend:
 A = Non-vault XP
 B = Vault XP
 C = Vault XP percentage of total XP
 D = Non-vault monster count
 E = Vault monster count
 F = Vault count percentage of total count
                 A         B        C        D         E       F
            +---------+---------+-------+---------+---------+-------
      Total |    2170 |     113 |   4.9 |     111 |      10 |   8.3
            +---------+---------+-------+---------+---------+-------
        D:1 |      24 |       3 |  11.1 |      14 |       2 |  12.5
        D:2 |     138 |      35 |  20.2 |      22 |       1 |   4.3
        D:3 |     199 |      14 |   6.6 |      22 |       5 |  18.5
        D:4 |     361 |      18 |   4.7 |      13 |       1 |   7.1
        D:5 |     552 |      43 |   7.2 |      20 |       1 |   4.8
        D:6 |     616 |       0 |   0.0 |      18 |       0 |   0.0
        D:7 |     280 |       0 |   0.0 |       2 |       0 |   0.0
            +---------+---------+-------+---------+---------+-------
